 Dungeon Crawl Stone Soup version 0.21.0-3-g78d12a8 (webtiles) character file.

581 theElss the Cudgeler (level 7, -4/44 HPs)
             Began as a Gargoyle Berserker on Jan 17, 2018.
             Was a Priest of Trog.
             Killed by divine providence
             ... invoked by an orc priest
              (11 damage)
             ... on level 3 of the Dungeon.
             The game lasted 00:11:17 (2905 turns).

theElss the Cudgeler (Gargoyle Berserker)           Turns: 2905, Time: 00:11:18

Health: -4/44      AC: 12    Str: 22    XL:     7   Next: 36%
Magic:  7/7        EV: 12    Int:  8    God:    Trog [***...]
Gold:   189        SH:  0    Dex:  9    Spells: 6/6 levels left

rFire    . . .     SeeInvis .   a - +0 mace
rCold    . . .     Gourm    .   (no shield)
rNeg     + . .     Faith    .   q - +2 ring mail {MR+}
rPois    ∞         Spirit   .   (no helmet)
rElec    +         Reflect  .   (no cloak)
rCorr    .         Harm     .   (no gloves)
MR       +....                  (no boots)
Stlth    ..........             (no amulet)
HPRegen  0.14/turn              (no ring)
MPRegen  0.10/turn              (no ring)

@: berserk cooldown, slowed, very slow
A: negative energy resistance 1, electricity resistance, unbreathing,
petrification resistance, rot immunity, AC +4
a: Berserk, Trog's Hand, Burn Spellbooks, Renounce Religion


You were on level 3 of the Dungeon.
You worshipped Trog.
Trog was most pleased with you.
You were very hungry.

You visited 1 branch of the dungeon, and saw 3 of its levels.

You collected 189 gold pieces.

Inventory:

Hand Weapons
 a - a +0 mace (weapon)
Armour
 q - a +2 ring mail of magic resistance (worn)
Jewellery
 h - an uncursed ring of protection from magic {unknown}
Scrolls
 b - a scroll of teleportation {unknown}
 d - a scroll of magic mapping {unknown}
 e - 3 scrolls of remove curse {unknown}
 g - a scroll of fog {unknown}
 n - 4 scrolls of identify {unknown}
 o - a scroll of immolation {unknown}
 p - a scroll of blinking {unknown}
Potions
 i - a potion of agility {unknown}
 j - a potion of degeneration {unknown}
 k - a potion of might {unknown}
 l - a potion of flight {unknown}
 m - 2 potions of lignification {unknown}
Books
 r - a book of Misfortune

   Spells                             Type                      Level
   a - Confusing Touch                Hexes                        1
   b - Confuse                        Hexes                        3
   c - Gell's Gravitas                Translocation                3
   d - Petrify                        Transmutation/Earth          4
   e - Metabolic Englaciation         Hexes/Ice                    5
   f - Yara's Violent Unravelling     Hexes/Transmutation          5
   Trog disapproves of the use of such an item.
Comestibles
 c - 4 rations


   Skills:
 + Level 4.8 Fighting
 + Level 6.3 Maces & Flails
 + Level 3.5 Armour
 + Level 2.9 Dodging


You had 6 spell levels left.
You didn't know any spells.

Dungeon Overview and Level Annotations

Branches:
Dungeon (3/15)

Altars:
Makhleb


Innate Abilities, Weirdness & Mutations

You are resistant to torment.
Your stone body is resilient. (AC +4)
You are immune to poison.
You resist negative energy. (rN+)
You are resistant to electric shocks. (rElec)
You can survive without breathing.
You are immune to petrification.
You are immune to rotting.


Message History

You closely miss the orc priest.
The orc priest is heavily wounded.
The orc closely misses you. The orc priest barely misses you.
The orc misses you.
You completely miss the orc.
The orc priest mumbles some strange prayers to Beogh against you.
Beogh smites you! The orc hits you but does no damage.
The orc priest closely misses you.
You hit the orc priest.
The orc priest is almost dead.
The orc hits you but does no damage.
The orc priest invokes the aid of Beogh against you.
Beogh smites you!
* * * LOW HITPOINT WARNING * * *
The orc misses you.
You hit the orc priest.
The orc priest is almost dead.
The orc priest invokes the aid of Beogh against you.
Beogh smites you!
You die...

.....#.#.#.#.#.#.##.......# ###.
.......#.#.#.#.#.##.......# #.
.....###.#.#.#.#.##...(...# #.
###..........#.#.##.......# #.
###...##.#.###.#.##(.....>######.
.........#.# #.#.....<.........#.
###.######.###.####..)....####.#.
###............####....(.(# #.#÷
....#####......o@o........# #.#.
###.# #.....#####.......# #.#.
#.# #.....# #.####### #.#. #W#
#.....# #.# #.#. #.# #.....#
#.##########.#. #o# #.....#
#.##.........#. ###.# #.....#
#.##.#########. ....# #.....#
#.##.# #.
.########.....#####.##.# #.


You could see an orc priest and an orc.

Vanquished Creatures
  Sigmund (D:2)
  The ghost of MirrMurr the Chucker, an amateur TrHu (D:3)
  A water moccasin (D:3)
  4 gnolls (D:2)
  3 adders
  2 worms (D:2)
  3 dart slugs (D:1)
  2 orcs (D:3)
  A ball python (D:3)
  10 bats
  6 giant cockroaches
  6 goblins
  12 hobgoblins
  10 jackals
  3 quokkas
  6 frilled lizards
  6 kobolds
  8 rats
85 creatures vanquished.

Notes
Turn   | Place    | Note
-------+----------+-------------------------------------------
     0 | D:1      | theElss the Gargoyle Berserker began the quest for the Orb.
     0 | D:1      | Reached XP level 1. HP: 14/14 MP: 1/1
    36 | D:1      | Reached XP level 2. HP: 10/19 MP: 2/2
   380 | D:1      | Reached XP level 3. HP: 24/24 MP: 3/3
   387 | D:1      | Reached ** piety under Trog
  1126 | D:2      | Noticed Sigmund
  1143 | D:2      | Killed Sigmund
  1143 | D:2      | Reached skill level 5 in Maces & Flails
  1143 | D:2      | Reached XP level 4. HP: 24/29 MP: 4/4
  1143 | D:2      | Reached XP level 5. HP: 27/33 MP: 5/5
  1273 | D:2      | Reached XP level 6. HP: 36/39 MP: 6/6
  2107 | D:2      | Reached *** piety under Trog
  2221 | D:3      | Noticed a water moccasin
  2240 | D:3      | Killed a water moccasin
  2409 | D:3      | Found a burning altar of Makhleb.
  2682 | D:3      | Reached XP level 7. HP: 44/44 MP: 7/7
  2707 | D:3      | Noticed MirrMurr's ghost (amateur TrHu)
  2741 | D:3      | Reached skill level 6 in Maces & Flails
  2882 | D:3      | Killed MirrMurr's ghost
  2905 | D:3      | Killed from afar by an orc priest

Skill      XL: |  1  2  3  4  5  6  7 |
---------------+----------------------+-----
Fighting       | 4 |  4.8
Maces & Flails | 5 6 |  6.3
Dodging        | 2 |  2.9
Armour         | 3 |  3.5

Action                   |  1- 3 |  4- 6 |  7- 9 || total
-------------------------+-------+-------+-------++-------
Melee: Mace              |   107 |   159 |    31 ||   297
Invok: Berserk           |     2 |       |     1 ||     3
       Trog's Hand       |     1 |       |       ||     1
  Eat: Chunk             |     2 |     6 |     1 ||     9
Armor: Animal skin       |    33 |       |       ||    33
       Scale mail        |    11 |    16 |       ||    27
       Ring mail         |       |    56 |    16 ||    72
Dodge: Dodged            |    67 |   114 |    26 ||   207
